 Dungeon Crawl Stone Soup version 0.29-a0-609-gb56f46d856 (webtiles) character file.

Game seed: 16824994097924362955

3719 Lekart the Chopper (level 9, -1/75 (79) HPs)
             Began as a White Draconian Fighter on June 15, 2022.
             Was a Priest of Elyvilon.
             Slain by a bullfrog (6 damage)
             ... on level 8 of the Dungeon on June 16, 2022.
             The game lasted 00:13:56 (8611 turns).

Lekart the Chopper (White Draconian Fighter)        Turns: 8611, Time: 00:13:57

HP:   -1/75 (79)    AC:  8    Str: 19    XL:     9   Next: 92%
MP:   4/11          EV: 15    Int:  8    God:    Elyvilon [***...]
Gold: 358           SH:  5    Dex: 15    Spells: 8/8 levels left

rFire   + . .      SeeInvis +   r - +6 scythe (protect)
rCold   + . .      Faith    .   (shield currently unavailable)
rNeg    . . .      Spirit   .   (body armour unavailable)
rPois   +          Reflect  +   (helmet restricted)
rElec   .          Harm     .   (no cloak)
rCorr   .          Rampage  .   (no gloves)
Will    .....                   p - +0 pair of boots
Stlth   +.........              m - amulet of reflection
HPRegen 0.22/turn               o - ring of poison resistance
MPRegen 0.12/turn               (no ring)

@: mighty, about to teleport, drained
A: breathe frost, AC +7, unfitting armour, cold resistance 1, cold-blooded,
antennae 1, see invisible, fire resistance 1, MP-powered wands
a: Breathe Frost, Renounce Religion, Purification, Heal Other, Heal Self


You were on level 8 of the Dungeon.
You worshipped Elyvilon.
Elyvilon was most pleased with you.
You visited 1 branch of the dungeon, and saw 8 of its levels.

You collected 358 gold pieces.

Inventory:

Hand Weapons
 a - a +0 vorpal war axe
 r - a +6 scythe of protection (weapon)
Armour
 b - a +0 buckler
 p - a +0 pair of boots (worn)
Jewellery
 f - a ring of protection from fire
 m - an amulet of reflection (around neck)
 o - a ring of poison resistance (left hand)
Scrolls
 d - 2 scrolls of teleportation
 h - 6 scrolls of fear
 q - 3 scrolls of fog
 t - 2 scrolls of summoning
 u - a scroll of amnesia
Potions
 c - a potion of might
 e - 3 potions of curing
 k - 3 potions of brilliance
 l - a potion of lignification
 n - 4 potions of attraction
 v - a potion of flight


   Skills:
 + Level 7.1 Fighting
 + Level 7.6(8.8) Axes
 + Level 6.8(8.4) Polearms
 + Level 6.1 Dodging
 + Level 5.6 Shields
 + Level 2.8 Invocations


You had 8 spell levels left.
You didn't know any spells.
Your spell library contained the following spells:

 Spells                   Type           Power      Damage    Failure   Level
 Apportation              Tloc           0%         N/A       41%         1
 Necrotize                Necr           0%         1d4       41%         1
 Summon Small Mammal      Summ           0%         N/A       41%         1
 Sublimation of Blood     Necr           0%         N/A       54%         2
 Petrify                  Tmut/Erth      0%         N/A       99%         4
 Irradiate                Conj/Tmut      0%         3d13      100%        5


Dungeon Overview and Level Annotations

Branches:
Dungeon (8/15)             Temple (0/1) D:6
   Lair: D:8-11

Altars:
Elyvilon
Fedhas
Trog

Shops:
D:1 (   D:7 *


Innate Abilities, Weirdness & Mutations

You can breathe waves of freezing cold which knock back foes.
Your icy white scales are hard. (AC +7)
You cannot fit into any form of body armour.
Your flesh is cold resistant. (rC+)
You are cold-blooded and may be slowed by cold attacks.
You have a pair of small antennae on your head.
You have supernaturally acute eyesight. (SInv)
Your flesh is heat resistant. (rF+)
You expend magic power (3 MP) to strengthen your wands.


Message History

The wight freezes you.
You are too injured to fight recklessly!
You are too injured to fight recklessly!
You are too injured to fight recklessly!
You barely miss the wight.
Your tail-slap misses the wight.
The wight is almost destroyed.
The bullfrog hits you but does no damage.
The wight barely misses you.
The wight hits you with a +4 long sword of freezing.
You feel drained. The wight freezes you.
The bullfrog hits you but does no damage.
The wight barely misses you.
The wight hits you with a +4 long sword of freezing!
* * * LOW HITPOINT WARNING * * *
The wight freezes you.
* * * LOW HITPOINT WARNING * * *
The wight attacks as you move away! The wight completely misses you.
The bullfrog misses you. The bullfrog barely misses you.
The bullfrog attacks as you move away! The bullfrog closely misses you.
The bullfrog hits you but does no damage.
The wight attacks as you move away! The wight closely misses you.
The bullfrog swells and bulges.
The bullfrog closely misses you. You block the bullfrog's attack.
The bullfrog hits you.
* * * LOW HITPOINT WARNING * * *
The bullfrog barely misses you. The bullfrog attacks as you move away!
The bullfrog closely misses you. The bullfrog attacks as you move away!
The bullfrog closely misses you. The bullfrog barely misses you.
The wight attacks as you move away! The wight hits you with a +0 flail!
* * * LOW HITPOINT WARNING * * *
You feel drained.
* * * LOW HITPOINT WARNING * * *
The wight attacks as you move away! The wight misses you.
The bullfrog barely misses you.
As you read the scroll of teleportation, it crumbles to dust.
You feel strangely unstable. The bullfrog hits you.
You die...

#......#................#
#........#..............##
...#.....##..............#
..##.<....#............###
....).........##........###
#............#............#
#............#..z.........#
..#.........#...Fz........#
..#.........#...@......#..#
.......#...............####
.....###.............###
.........#.#.)).....######
.........###.........##..#
.......####....##........#
........##..............##
...##..........#......#.#
..###.....#.##.##..#.####


You could see a bullfrog and 2 wights.

Vanquished Creatures
  A boulder beetle (D:8)
  Grinder (D:5)
  Sigmund (D:5)
  A steam dragon (D:8)
  2 water moccasins
  2 orc warriors
  2 sky beasts
  A centaur (D:7)
  A phantom (D:5)
  A kobold brigand (D:8)
  2 bullfrogs
  2 necrophages
  A scorpion (D:6)
  A wight (D:8)
  12 killer bees
  2 howler monkeys
  4 hounds
  3 orc priests (D:7)
  2 gnoll shamans
  2 jellies (D:6)
  3 iguanas
  9 orc wizards
  7 gnolls
  6 adders
  2 worms
  A dart slug (D:4)
  26 orcs
  5 ball pythons
  7 bats
  6 endoplasms
  3 giant cockroaches
  12 goblins
  8 hobgoblins
  2 quokkas
  3 frilled lizards
  10 kobolds
  4 rats
158 creatures vanquished.

Notes
Turn   | Place    | Note
-------+----------+-------------------------------------------
     0 | D:1      | Lekart the Draconian Fighter began the quest for the Orb.
     0 | D:1      | Reached XP level 1. HP: 19/19 MP: 1/1
   178 | D:1      | Reached XP level 2. HP: 23/26 MP: 2/2
   377 | D:1      | Found Wosighat's Weapon Emporium.
   463 | D:1      | Found a faded altar of an unknown god.
   863 | D:1      | Prayed at the altar of an unknown god.
   863 | D:1      | Became a worshipper of Elyvilon the Healer
   863 | D:1      | Reached * piety under Elyvilon
   922 | D:2      | Reached XP level 3. HP: 31/31 MP: 3/3
  1144 | D:2      | Found a bloodstained altar of Trog.
  1880 | D:3      | Reached ** piety under Elyvilon
  2060 | D:3      | Reached XP level 4. HP: 27/40 MP: 4/4
  2495 | D:4      | Noticed a bullfrog
  2502 | D:4      | Killed a bullfrog
  2503 | D:4      | Reached XP level 5. HP: 36/46 MP: 5/5
  2708 | D:4      | Elyvilon protects you from harm!
  3207 | D:4      | Reached *** piety under Elyvilon
  3365 | D:4      | Reached XP level 6. HP: 15/52 MP: 6/6
  3874 | D:4      | Gained mutation: Your magical capacity is low. (-10% MP)
                  | [potion of mutation]
  3874 | D:4      | Gained mutation: You are robust. (+10% HP) [potion of
                  | mutation]
  3875 | D:4      | Lost mutation: You are robust. (+10% HP) [potion of
                  | mutation]
  3875 | D:4      | Lost mutation: Your magical capacity is low. (-10% MP)
                  | [potion of mutation]
  3875 | D:4      | Gained mutation: You have a pair of small antennae on your
                  | head. [potion of mutation]
  3875 | D:4      | Gained mutation: Your flesh is heat resistant. (rF+)
                  | [potion of mutation]
  3875 | D:4      | Gained mutation: You expend magic power (3 MP) to
                  | strengthen your wands. [potion of mutation]
  3875 | D:4      | Gained mutation: You have supernaturally acute eyesight.
                  | (SInv) [potion of mutation]
  3936 | D:5      | Entered Level 5 of the Dungeon
  3968 | D:5      | Noticed Grinder
  3975 | D:5      | Killed Grinder
  3976 | D:5      | Reached skill level 5 in Axes
  4089 | D:5      | Your scales start taking on an icy white colour.
  4089 | D:5      | Reached XP level 7. HP: 56/60 MP: 7/7
  4089 | D:5      | Gained mutation: Your flesh is cold resistant. (rC+) [White
                  | Draconian growth]
  4340 | D:5      | Reached skill level 5 in Fighting
  4643 | D:5      | Noticed Sigmund
  4649 | D:5      | Killed Sigmund
  4918 | D:6      | Reached XP level 8. HP: 49/69 MP: 8/8
  5095 | D:6      | Found a blossoming altar of Fedhas.
  5096 | D:6      | Reached **** piety under Elyvilon
  5270 | D:6      | Found a staircase to the Ecumenical Temple.
  5514 | D:6      | Reached skill level 1 in Polearms
  6760 | D:6      | Reached skill level 5 in Dodging
  7386 | D:7      | Reached XP level 9. HP: 74/78 MP: 9/9
  7475 | D:7      | Upgraded the game from 0.29-a0-584-gb10a8bf730 to
                  | 0.29-a0-609-gb56f46d856
  7725 | D:7      | Reached skill level 1 in Invocations
  7772 | D:7      | Reached skill level 5 in Polearms
  7863 | D:7      | Found Tylluwi's Assorted Antiques.
  8062 | D:8      | Reached skill level 5 in Shields
  8564 | D:8      | Noticed a boulder beetle
  8574 | D:8      | Elyvilon protects you from harm!
  8588 | D:8      | Killed a boulder beetle
  8611 | D:8      | Slain by a bullfrog

Illustrated notes

Levels and vault maps discovered:
D:1:      wheals_arrival_linesprint, layout_basic, basic_ecumenical_altar,
          serial_shops, nicolae_shop_bloodbath_and_beyond
D:2:      layout_basic, basic_altar, kennysheep_generic_room_15
D:3:      layout_rooms
D:4:      layout_loops_ring, fountainhead, hangedman_decor_diamond_cutter
D:5:      layout_basic, uniq_sigmund, uniq_grinder
D:6:      layout_basic, fedhas_altar_2, minmay_temple_entry_stoned_glass
D:7:      layout_gridville, serial_shops, shop, grunt_ministairs_4
D:8:      layout_cave_pools, serial_shops, nicolae_shop_hallway_plus,
          small_chamber_with_monster, grunt_ministairs_5, minmay_starry_boxes

Skill      XL: |  1  2  3  4  5  6  7  8  9 |
---------------+----------------------------+-----
Dodging        | 3 4 5 6 |  6.1
Axes           | 3 4 5 7 |  7.6
Fighting       | 4 5 6 7 |  7.1
Shields        | 4 5 |  5.6
Polearms       | 4 6 |  6.8
Invocations    | 2 |  2.8

Action                   |  1- 3 |  4- 6 |  7- 9 || total
-------------------------+-------+-------+-------++-------
Melee: War axe           |   119 |   103 |    51 ||   273
       Tailslap          |    11 |    14 |    32 ||    57
       Scythe            |       |       |   240 ||   240
Throw: Throwing net      |       |       |     1 ||     1
Invok: Heal Self         |       |       |     7 ||     7
       Purification      |       |       |     2 ||     2
       Heal Other        |       |       |     4 ||     4
 Abil: Breathe Frost     |       |       |     9 ||     9
  Use: Scroll            |       |    11 |     8 ||    19
       Potion            |       |     4 |     6 ||    10
 Stab: Sleeping          |     1 |       |     1 ||     2
Armor: Skin              |    35 |    29 |   175 ||   239
Dodge: Dodged            |    68 |    51 |   381 ||   500
Block: Buckler           |    32 |    22 |    17 ||    71
       Other             |       |       |    69 ||    69
       Reflection        |       |       |     1 ||     1

Table legend: (Time is in decaauts)
 A = Elapsed time spent in this place.
 B = Non-inter-level travel time spent in this place.
 C = Inter-level travel time spent in this place.
 D = Time resting spent in this place.
 E = Time spent auto-exploring this place.
 F = Levels seen in this place.
 G = Mean time per level.
                   A        B        C        D        E       F      G
               +--------+--------+--------+--------+--------+-----+--------+
         Total |   8895 |   8547 |    348 |   1404 |   5650 |   8 | 1111.9 |
       Dungeon |   8895 |   8547 |    348 |   1404 |   5650 |   8 | 1111.9 |
               +--------+--------+--------+--------+--------+-----+--------+

Top non-repeatable levels by time:
     D:6: 2337 daAuts
     D:4: 1500 daAuts
     D:2: 1011 daAuts
     D:5: 981 daAuts
     D:1: 905 daAuts
     D:7: 787 daAuts
     D:8: 763 daAuts
     D:3: 606 daAuts
